 Dungeon Crawl Stone Soup version 0.30.0-19-g36f170ea60 (webtiles) character file.

Game seed: 12411968212964745972

359744 Labrat the Eclecticist (level 23, -8/181 HPs)
             Began as a Human Conjurer on May 28, 2023.
             Was the Champion of Vehumet.
             Hit by a large rock thrown by a stone giant (24 damage)
             ... on level 1 of the Depths on June 1, 2023.
             The game lasted 04:19:29 (64704 turns).

Labrat the Eclecticist (Human Conjurer)            Turns: 64704, Time: 04:19:30

Health: -8/181     AC: 30    Str: 12    XL:     23   Next: 4%
Magic:  40/65      EV: 15    Int: 36    God:    Vehumet [******]
Gold:   3459       SH: 10    Dex: 11    Spells: 17/62 levels left

rFire   . . .        E - +0 whip "Puklaf" {vamp, Int+3}
rCold   . . .        Q - +0 buckler
rNeg    + . .        o - +19 Cigotuvi's embrace {Corpsefed rMiasma Drain rN+}
rPois   .            C - +3 crown of Dyrovepreva {rElec Int+2 SInv}
rElec   +            v - scarf of Fallacy {repulsion, +Inv MP+9 Str+4 Int+3}
rCorr   .            R - +0 pair of gloves
SInv    +            h - +1 pair of boots
Will    +....        t - amulet of reflection
Stlth   ++           S - ring of see invisible
HPRegen 0.50/turn    c - ring of magical power
MPRegen 0.39/turn

%: repel missiles, reflection
@: studying Ice Magic
A: sense surroundings 1, weak 1
}: 3/15 runes: serpentine, barnacled, abyssal
a: Renounce Religion, Evoke Invisibility


You were on level 1 of the Depths.
You worshipped Vehumet.
Vehumet was exalted by your worship.
You visited 8 branches of the dungeon, and saw 35 of its levels.
You visited the Abyss 1 time.
You also visited: Ossuary and Ice Cave.

You collected 4698 gold pieces.
You spent 1239 gold pieces at shops.

Inventory:

Hand Weapons
 d - the +0 dagger of Ihefuw {holy, Drain rPois Dex+6}
   (You found it on level 4 of the Shoals)

   Dex:       It affects your dexterity (+6).
   rPois:     It protects you from poison.
   Drain:     It drains your maximum health when unequipped.
 E - the +0 whip "Puklaf" (weapon) {vamp, Int+3}
   (You took it off a centaur on level 5 of the Dungeon)

   Int:       It affects your intelligence (+3).
Missiles
 F - 7 curare-tipped darts
 J - 3 throwing nets
 M - 10 silver javelins
Armour
 h - a +1 pair of boots (worn)
 o - the +19 Cigotuvi's embrace (worn) {Corpsefed rMiasma Drain rN+}
   (You found it on level 2 of the Snake Pit)

   Corpsefed: It gathers nearby corpses to temporarily increase the armour it
   provides.
   rMiasma:   It protects you from foul pestilence.
   rN:        It protects you from negative energy.
   Drain:     It drains your maximum health when unequipped.
 v - the scarf of Fallacy (worn) {repulsion, +Inv MP+9 Str+4 Int+3}
   (You bought it in a shop on level 2 of the Orcish Mines)

   Str:       It affects your strength (+4).
   Int:       It affects your intelligence (+3).
   MP:        It affects your magic capacity (+9).
   +Inv:      It lets you turn invisible.
 C - the +3 crown of Dyrovepreva (worn) {rElec Int+2 SInv}
   (You found it on level 3 of the Elven Halls)

   Int:       It affects your intelligence (+2).
   rElec:     It insulates you from electricity.
   SInv:      It lets you see invisible.
 Q - a +0 buckler (worn)
 R - a +0 pair of gloves (worn)
Jewellery
 b - a ring of poison resistance
 c - a ring of magical power (right hand)
 j - a +6 ring of intelligence
 t - an amulet of reflection (around neck)
 S - a ring of see invisible (left hand)
Wands
 a - a wand of charming (18)
 r - a wand of digging (5)
 K - a wand of light (9)
 L - a wand of roots (38)
 N - a wand of mindburst (21)
 Z - a wand of flame (81)
Scrolls
 g - 16 scrolls of teleportation
 q - 7 scrolls of fear
 x - 2 scrolls of acquirement
 I - 5 scrolls of fog
 O - 13 scrolls of magic mapping
 W - 2 scrolls of summoning
 X - a scroll of torment
 Y - 7 scrolls of blinking
Potions
 e - 12 potions of flight
 i - 2 potions of might
 k - 19 potions of curing
 m - 4 potions of heal wounds
 w - 11 potions of haste
 z - 5 potions of resistance
 A - 5 potions of invisibility
 B - 3 potions of cancellation
 D - 6 potions of brilliance
 H - 3 potions of mutation
 P - 2 potions of magic
 U - a potion of berserk rage
Miscellaneous
 f - a phial of floods
 n - a lightning rod (4/4)
 p - a box of beasts
 u - a phantom mirror


   Skills:
 - Level 15.0 Fighting
 - Level 12.0 Armour
 - Level 12.0 Dodging
 - Level 2.0 Stealth
 - Level 5.0 Shields
 - Level 20.0 Spellcasting
 - Level 15.0 Conjurations
 - Level 3.0 Translocations
 + Level 19.2 Fire Magic
 - Level 10.0 Earth Magic
 + Level 10.3 Evocations


You had 17 spell levels left.
You knew the following spells:

 Your Spells              Type           Power      Damage    Failure   Level
a - Stone Arrow           Conj/Erth      100%       3d13      0%          3
b - Iron Shot             Conj/Erth      45%        9d9       1%          6
c - Iskenderun's Mystic   Conj/Tloc      79%        2d16      1%          4
d - Hailstorm             Conj/Ice       74%        3d15      1%          3
e - Ignition              Fire           54%        3d15      1%          8
f - Olgreb's Toxic Radia  Pois           36%        N/A       3%          4
g - Lee's Rapid Deconstr  Erth           41%        3d20*     1%          5
i - Plasma Beam           Fire/Air       40%        2x1d59    1%          6
j - Starburst             Conj/Fire      51%        6d14      1%          6

Your spell library contained the following spells:

 Spells                   Type           Power      Damage    Failure   Level
 Shatter                  Erth           41%        3d32*     99%         9
 Chain Lightning          Conj/Air       37%        3d49      100%        9
 Magic Dart               Conj           100%       1d8       0%          1
 Sandblast                Erth           100%       2d20      0%          1
 Scorch                   Fire           100%       2d9       0%          2
 Searing Ray              Conj           100%       2d8       0%          2
 Sticky Flame             Conj/Fire      100%       2d11      0%          4
 Apportation              Tloc           100%       N/A       1%          1
 Necrotise                Necr           100%       1d9       1%          1
 Slow                     Hex            100%       N/A       1%          1
 Summon Small Mammal      Summ           100%       N/A       1%          1
 Call Imp                 Summ           72%        N/A       1%          2
 Ensorcelled Hibernation  Hex/Ice        72%        N/A       1%          2
 Lesser Beckoning         Tloc           100%       N/A       1%          2
 Passwall                 Tmut/Erth      53%        N/A       1%          2
 Sublimation of Blood     Necr           36%        N/A       1%          2
 Wereblood                Tmut           36%        N/A       1%          2
 Dazzling Flash           Conj/Hex       100%       N/A       1%          3
 Frozen Ramparts          Ice            72%        1d11      1%          3
 Gell's Gravitas          Tloc           55%        N/A       1%          3
 Ignite Poison            Fire/Tmut/Pois 70%        N/A       1%          3
 Inner Flame              Hex/Fire       81%        N/A       1%          3
 Mephitic Cloud           Conj/Pois/Air  64%        N/A       1%          3
 Teleport Other           Tloc           55%        N/A       1%          3
 Volatile Blastmotes      Fire/Tloc      100%       2d18      1%          3
 Fulminant Prism          Conj/Hex       37%        3d18      1%          4
 Portal Projectile        Hex/Tloc       92%        N/A       2%          3
 Passage of Golubria      Tloc           55%        N/A       3%          4
 Call Canine Familiar     Summ           36%        N/A       4%          3
 Confusing Touch          Hex            36%        N/A       4%          3
 Spider Form              Tmut/Pois      36%        N/A       4%          3
 Summon Guardian Golem    Hex/Summ       36%        N/A       4%          3
 Tukima's Dance           Hex            36%        N/A       4%          3
 Vampiric Draining        Necr           36%        2d8       4%          3
 Yara's Violent Unravell  Hex/Tmut       18%        3d9       11%         5
 Anguish                  Hex/Necr       18%        N/A       13%         4
 Ice Form                 Ice/Tmut       36%        N/A       13%         4
 Summon Ice Beast         Ice/Summ       36%        N/A       13%         4
 Summon Lightning Spire   Summ/Air       36%        N/A       13%         4
 Lehudib's Crystal Spear  Conj/Erth      45%        10d11     13%         8
 Summon Forest            Summ/Tloc      23%        N/A       21%         5
 Blade Hands              Tmut           18%        N/A       36%         5
 Silence                  Hex/Air        18%        N/A       36%         5
 Summon Mana Viper        Hex/Summ       36%        N/A       36%         5
 Eringya's Noxious Bog    Tmut/Pois      18%        N/A       45%         6
 Dispersal                Tloc           27%        N/A       52%         6
 Simulacrum               Ice/Necr       18%        N/A       90%         6
 Summon Cactus Giant      Summ           18%        N/A       90%         6
 Enfeeble                 Hex            18%        N/A       100%        7
 Haunt                    Necr/Summ      18%        N/A       100%        7
 Monstrous Menagerie      Summ           18%        N/A       100%        7
 Storm Form               Tmut/Air       18%        N/A       100%        7
 Summon Hydra             Summ           18%        N/A       100%        7
 Maxwell's Capacitive Co  Air            18%        ∞         100%        8


Dungeon Overview and Level Annotations

Branches:
Dungeon (15/15)            Temple (1/1) D:6            Lair (5/5) D:10
 Shoals (4/4) Lair:3        Snake (4/4) Lair:3        Slime (0/5) Lair:5
    Orc (2/2) D:12            Elf (3/3) Orc:2        Vaults (0/5) D:13
 Depths (1/4) D:15        Ossuary (visited)           IceCv (visited)

Altars:
Ashenzari
Cheibriados
Dithmenos
Elyvilon
Fedhas
Gozag
Hepliaklqana
Kikubaaqudgha
Nemelex Xobeh
Okawaru
Qazlal
Ru
Sif Muna
Trog
Uskayaw
Vehumet
Wu Jian
Xom
Yredelemnul
Zin
The Shining One
Jiyva

Shops:
D:9 :   D:11 [   Orc:2 !(!=[   Elf:1 :   Shoals:2 !   Snake:3 ??(!

Portals:
Hell: Depths:1
Pandemonium: Orc:2 Depths:1


Innate Abilities, Weirdness & Mutations

You passively map a small area around you.
You are weak. (Str -2)


Message History

Press: ? - help, Shift-Dir - straight line, f/p - fire dragon
Aim: a fire dragon (severely wounded, 84% to hit)
The iron shot hits the fire dragon!!!
You kill the fire dragon!
Vehumet accepts your kill.
You feel your power returning.
The frost giant points at you and mumbles some strange words.
The bolt of cold hits you!!
A deep troll earth mage comes into view.
You hear a shout!
Casting: Iron Shot (mildly dangerous; 1% risk of failure)
Confirm with . or Enter, or press ? or * to list all spells.
Casting: Ignition (mildly dangerous; 1% risk of failure)
Press: ? - help, Dir - look around, f - activate The air bursts into flame!
The fireball engulfs the frost giant!!!
The frost giant is severely wounded.
The fireball engulfs the stone giant!!
The stone giant is moderately wounded.
The fireball engulfs the deep troll earth mage!!
The deep troll earth mage is heavily wounded.
Vehumet accepts your kill.
You feel your power returning.
You feel a bit more experienced.
The frost giant gestures at you while chanting.
The bolt of cold hits you!!
* * * LOW HITPOINT WARNING * * *
A stone giant comes into view.
Unknown command.
Casting: Ignition (mildly dangerous; 1% risk of failure)
Confirm with . or Enter, or press ? or * to list all spells.
Okay, then.
As you read the scroll of fog, it crumbles to dust.
The scroll dissolves into smoke.
A deep troll shaman comes into view.
A chunk of your corpse armour falls away.
The frost giant casts a spell at you.
The bolt of cold is repelled.
The stone giant throws a large rock.
The large rock hits you!!!
* * * LOW HITPOINT WARNING * * *
The stone giant throws a large rock.
The large rock hits you!!
You die...

#####.#######'####
#..............#
#.###.####.....# #.# #.#
#.##### #.# #.# #.# #.# #.#
#.# #.###.## #.# #......#
#.#
####.[.###@################
#...##.(...............#
#....#......C.§........#
#....'........§§§......#
#....#......C§§§§§§§..##
#....#.......§TT§§§§.##.
#....#.......§.§§§§§)CC.
##...#.>......C.§§§..'C#
##..#........§§§§§?.'T.


You could see a frost giant, 2 stone giants and a deep troll earth mage.

Vanquished Creatures
  Nikola (Shoals:3)
  A bone dragon (Abyss:3)
  The ghost of Gygal Fez the Peltast, an adept MiFi of Okawaru (Snake:3)
  Asterion (Elf:1)
  2 deep elf master archers (Elf:3)
  4 deep elf blademasters (Elf:3)
  A tentacled starspawn (Abyss:3)
  A sphinx (Depths:1)
  Agnes (D:14)
  2 krakens (Shoals:4)
  Kirke (D:15)
  Frances (Snake:1)
  8 nagarajas
  7 deep elf sorcerers
  A fire giant (Depths:1)
  Aizul (Shoals:4)
  11 deep elf elementalists
  A frost giant (Depths:1)
  2 cacodemons
  7 very ugly things
  3 reapers (IceCv)
  3 stone giants
  6 deep elf demonologists
  4 deep elf annihilators (Elf:3)
  9 deep elf death magi
  7 merfolk javelineers
  3 ettins
  Josephine (Shoals:1)
  12 merfolk impalers
  Snorg (D:12)
  3 fire dragons
  Fannar (D:12)
  5 deep elf high priests (Elf:3)
  2 great orbs of eyes (Abyss:3)
  4 vault guards (D:13)
  2 rakshasas
  4 alligator snapping turtles
  2 salamander tyrants
  3 caustic shrike simulacra (IceCv)
  A spriggan air mage (Depths:1)
  2 catoblepae
  5 hydras
  3 ice dragons (Depths:1)
  13 anacondas
  5 boulder beetles
  4 merfolk aquamancers
  2 merfolk avatars
  2 demonspawn (Orc:2)
  A death knight (D:15)
  5 two-headed ogres
  10 centaur warriors
  14 naga warriors
  3 satyrs
  7 death yaks
  15 naga sharpshooters
  A spriggan berserker (Depths:1)
  5 tengu warriors
  30 dancing weapons
  2 vampire magi (Depths:1)
  8 orc high priests
  A thrashing horror (Abyss:3)
  2 deep troll earth magi (Depths:1)
  A deep troll shaman (Depths:1)
  Sonja (D:12)
  Amaemon (Lair:3)
  9 shock serpents
  13 deep elf knights
  10 salamander mystics
  2 skeletal warriors (D:15)
  6 skysharks
  A sixfirhy (Depths:1)
  8 deep trolls
  2 iron trolls (Depths:1)
  7 spatial maelstroms (Abyss:3)
  2 obsidian statues (IceCv)
  10 sea snakes
  A flayed ghost (Abyss:3)
  A shadow demon (Abyss:3)
  3 naga ritualists
  3 spriggan simulacra (IceCv)
  3 wizards
  A bog body (IceCv)
  16 deep elf archers
  A lindwurm (Snake:4)
  A kraken simulacrum (Shoals:4)
  6 orc knights
  22 deep elf zephyrmancers
  32 deep elf pyromancers
  8 starcursed masses (Abyss:3)
  10 mana vipers
  A shining eye (shapeshifter) (Depths:1)
  An iron dragon zombie (Abyss:3)
  An oklob plant (Lair:4)
  13 harpies
  3 necromancers
  22 ugly things
  12 cyclopes
  A manticore (shapeshifter) (D:15)
  11 manticores
  6 orc sorcerers
  An elephant (Lair:4)
  37 black mambas
  18 salamanders
  22 naga magi
  16 fauns
  9 guardian serpents
  A rust devil (Depths:1)
  3 smoke demons
  A worldbinder (Abyss:3)
  Joseph (D:8)
  7 merfolk sirens
  An apocalypse crab (Abyss:3)
  A guardian serpent (shapeshifter) (D:13)
  A torpor snail (Lair:4)
  2 gargoyles
  Psyche (D:9)
  9 cane toads
  3 efreet
  6 water nymphs
  3 unseen horrors
  3 rime drakes
  5 orange demons
  12 komodo dragons
  2 anaconda simulacra (Elf:1)
  A kobold demonologist (D:11)
  2 ice devils
  2 ancient zymes (Abyss:3)
  A hellion (Abyss:3)
  4 yaktaurs (D:15)
  7 freezing wraiths
  A golden dragon simulacrum (IceCv)
  7 trolls
  2 red devils
  32 merfolk
  5 polar bears (Lair:5)
  6 wind drakes
  4 hornets (Lair:5)
  2 hellwings
  24 blink frogs
  10 snapping turtles
  13 dream sheep
  Sigmund (D:5)
  17 spriggans
  A culicivora (shapeshifter) (D:15)
  A centaur simulacrum (D:14)
  26 water elementals
  An air elemental (Elf:1)
  5 wraiths
  2 ynoxinuls (Abyss:3)
  A shadow (D:11)
  3 vampires (D:13)
  6 hogs (D:15)
  10 slime creatures
  3 wyverns
  6 fire elementals
  4 fire bats (D:10)
  A human (D:13)
  5 small abominations (Abyss:3)
  2 steam dragons (D:8)
  A basilisk (shapeshifter) (Elf:3)
  54 yaks
  3 basilisks
  A minotaur simulacrum (Elf:1)
  A neqoxec (Abyss:3)
  Eustachio (D:5)
  5 chaos spawn
  22 vampire mosquitoes
  Menkaure (D:5)
  17 spatial vortices (Abyss:3)
  3 large abominations (Abyss:3)
  38 nagas
  3 harpy simulacra
  7 wargs
  An acid dragon (D:13)
  Edmund (D:6)
  2 hydra simulacra (IceCv)
  A floating eye (Depths:1)
  8 water moccasins
  33 orc warriors
  A sky beast (D:7)
  A swamp drake (Lair:1)
  An alligator simulacrum (IceCv)
  2 ice beasts
  5 black bears
  4 ettin simulacra (IceCv)
  22 wolves (Lair:5)
  6 ogres
  5 boggarts (Lair:5)
  13 centaurs
  A phantom (D:6)
  4 kobold brigands
  Blork the orc (D:4)
  An elf zombie (Ossuary)
  3 earth elementals
  9 bullfrogs
  2 deep troll simulacra (Elf:1)
  A scorpion (Lair:1)
  5 wights (D:7)
  16 killer bees (D:9)
  A lindwurm simulacrum (Elf:1)
  An electric eel (Lair:3)
  4 lava snakes
  4 centaur zombies (Ossuary)
  A crimson imp (Abyss:3)
  3 hounds
  15 jellies
  34 orc priests
  2 sleepcaps
  2 gnoll boudas
  An iguana (D:6)
  31 orc wizards
  An ogre zombie (Ossuary)
  7 mummies (Ossuary)
  10 gnolls
  4 adders
  2 shadow imps
  3 white imps
  4 ufetubi
  4 adder zombies (Ossuary)
  95 orcs
  4 bats
  12 endoplasms
  3 giant cockroaches
  3 goblins
  2 hobgoblins
  4 jackals (D:2)
  3 quokkas
  4 ball pythons
  4 frilled lizards
  4 goblin zombies (Ossuary)
  5 hobgoblin zombies (Ossuary)
  18 kobolds
  2 kobold zombies (Ossuary)
  7 quokka zombies (Ossuary)
  3 rats
  2 rat zombies (Ossuary)
  A butterfly (Lair:1)
  7 tentacles (Shoals:4)
1529 creatures vanquished.

Vanquished Creatures (collateral kills)
  A tentacled starspawn (Abyss:3)
  A boulder beetle (D:15)
  A slime creature (D:12)
  An orc wizard (D:12)
  2 starspawn tentacles (Abyss:3)
6 creatures vanquished.

Vanquished Creatures (others)
  A deep elf pyromancer (Elf:1)
  A freezing wraith (D:15)
  A blink frog (Abyss:3)
  An orc warrior (D:12)
  2 starspawn tentacles (Abyss:3)
  A tentacle (Shoals:4)
7 creatures vanquished.

Grand Total: 1542 creatures vanquished

Notes
Turn   | Place    | Note
-------+----------+-------------------------------------------
     0 | D:1      | Labrat the Human Conjurer began the quest for the Orb.
     0 | D:1      | Reached XP level 1. HP: 13/13 MP: 3/3
     2 | D:1      | Noticed an octopode
     4 | D:1      | Noticed a human
     4 | D:1      | Noticed a naga
     6 | D:1      | Noticed a tengu
     6 | D:1      | Noticed a merfolk
     8 | D:1      | Noticed an ogre
     8 | D:1      | Noticed a minotaur
    10 | D:1      | Noticed an elf
    10 | D:1      | Noticed a ghoul
    12 | D:1      | Noticed a felid
    14 | D:1      | Noticed a demonspawn
    14 | D:1      | Noticed a troll
    16 | D:1      | Noticed a spriggan
    16 | D:1      | Noticed a draconian
    18 | D:1      | Noticed a formicid
    18 | D:1      | Noticed a gargoyle
    20 | D:1      | Noticed a demigod
    20 | D:1      | Noticed a vampire
    22 | D:1      | Noticed a vine stalker
    24 | D:1      | Noticed a meteoran
   156 | D:1      | Reached XP level 2. HP: 19/19 MP: 0/5
   816 | D:2      | Reached XP level 3. HP: 24/24 MP: 1/6
   846 | D:2      | Learned a level 2 spell: Searing Ray
  1602 | D:3      | Reached skill level 3 in Spellcasting
  1602 | D:3      | Reached XP level 4. HP: 30/30 MP: 2/8
  1672 | D:3      | Reached skill level 5 in Conjurations
  1812 | D:3      | Reached XP level 5. HP: 35/35 MP: 2/10
  2180 | D:3      | Found a hazy altar of Hepliaklqana.
  2676 | D:4      | Reached skill level 4 in Spellcasting
  2676 | D:4      | Reached XP level 6. HP: 39/41 MP: 1/12
  3279 | D:4      | Noticed Blork the orc
  3437 | D:4      | Killed Blork the orc
  3441 | D:4      | Found a shimmering blue altar of Sif Muna.
  3501 | D:5      | Entered Level 5 of the Dungeon
  3501 | D:5      | Noticed Eustachio
  3501 | D:5      | Noticed Edmund
  3557 | D:5      | Noticed Sigmund
  3569 | D:5      | Killed Sigmund
  3570 | D:5      | Reached skill level 5 in Spellcasting
  3570 | D:5      | Reached XP level 7. HP: 42/46 MP: 6/15
  3699 | D:5      | Found an ornate altar of the Wu Jian Council.
  3699 | D:5      | Noticed Menkaure
  3741 | D:6      | Found an opulent altar of Gozag.
  3777 | D:6      | Reached skill level 6 in Spellcasting
  3794 | D:6      | Reached skill level 1 in Fighting
  3794 | D:6      | Reached skill level 1 in Armour
  3834 | D:6      | Reached XP level 8. HP: 18/54 MP: 1/17
  4038 | D:6      | Found a sand-covered staircase.
  4046 | Ossuary  | Entered an ossuary
  4403 | Ossuary  | Learned a level 3 spell: Hailstorm
  5240 | D:6      | Learned a level 4 spell: Iskenderun's Mystic Blast
  5312 | D:6      | Found a staircase to the Ecumenical Temple.
  5326 | Temple   | Entered the Ecumenical Temple
  5410 | Temple   | Became a worshipper of Vehumet
  5422 | D:6      | Reached skill level 5 in Fighting
  5422 | D:6      | Reached skill level 1 in Translocations
  5447 | D:6      | Reached XP level 9. HP: 66/68 MP: 2/18
  5951 | D:6      | Found a sparkling altar of Nemelex Xobeh.
  6227 | D:5      | Killed Eustachio
  6440 | D:6      | Killed Edmund
  6631 | D:5      | Killed Menkaure
  7006 | D:5      | Identified the +0 whip "Puklaf" {vamp, Int+3}
  7019 | D:5      | Reached skill level 7 in Spellcasting
  8439 | D:7      | Reached XP level 10. HP: 68/73 MP: 15/21
  8441 | D:7      | Reached skill level 8 in Spellcasting
  8604 | D:7      | Reached * piety under Vehumet
  8604 | D:7      | Offered knowledge of Foxfire by Vehumet.
  8718 | D:7      | You fall into a shaft and drop 3 floors!
  8718 | D:10     | Entered Level 10 of the Dungeon
  8747 | D:9      | Reached skill level 9 in Spellcasting
  9033 | D:8      | Reached skill level 10 in Spellcasting
  9489 | D:8      | Reached ** piety under Vehumet
  9489 | D:8      | Offered knowledge of Scorch by Vehumet.
  9496 | D:8      | Learned a level 2 spell: Scorch
  9696 | D:8      | HP: 1/76 [something (9)]
  9984 | D:8      | Reached skill level 1 in Fire Magic
  9984 | D:8      | Reached XP level 11. HP: 81/81 MP: 12/25
 10109 | D:8      | Found an iron altar of Okawaru.
 10116 | D:8      | Noticed Joseph
 10548 | D:8      | Killed Joseph
 11141 | D:9      | Reached skill level 5 in Armour
 11144 | D:9      | Reached skill level 5 in Dodging
 11360 | D:9      | Found a glowing golden altar of the Shining One.
 11445 | D:9      | Found Sizisad's Book Shoppe.
 11532 | D:9      | Noticed Psyche
 11546 | D:9      | Killed Psyche
 11871 | D:9      | Offered knowledge of Inner Flame by Vehumet.
 11872 | D:9      | Reached skill level 1 in Shields
 12815 | D:10     | Noticed a fire dragon
 12963 | D:10     | Reached *** piety under Vehumet
 12966 | D:10     | Killed a fire dragon
 13132 | D:10     | Identified the +4 mace of Mojoqik {drain, Dex+3}
 13374 | D:10     | Found a staircase to the Lair.
 13387 | D:10     | Reached XP level 12. HP: 59/92 MP: 26/26
 13391 | D:10     | Offered knowledge of Olgreb's Toxic Radiance by Vehumet.
 13400 | D:10     | Learned a level 4 spell: Olgreb's Toxic Radiance
 14110 | D:11     | Reached skill level 11 in Spellcasting
 14183 | D:11     | Found Qoff's Antique Armour Boutique.
 14235 | D:11     | Noticed a two-headed ogre
 14253 | D:11     | Killed a two-headed ogre
 14390 | D:11     | Noticed a sun demon
 14531 | D:11     | Reached skill level 10 in Conjurations
 14595 | D:11     | Noticed a two-headed ogre
 14614 | D:11     | Killed a two-headed ogre
 14689 | D:11     | Noticed a boulder beetle
 15122 | D:12     | Reached skill level 12 in Spellcasting
 15314 | D:12     | Noticed Sonja
 15320 | D:12     | Killed Sonja
 15395 | D:12     | Noticed Snorg
 15416 | D:12     | Killed Snorg
 15581 | D:12     | Killed a boulder beetle
 15581 | D:12     | Reached **** piety under Vehumet
 15638 | D:12     | Offered knowledge of Flame Wave by Vehumet.
 15639 | D:12     | Reached skill level 10 in Fighting
 15646 | D:12     | Noticed Fannar
 15648 | D:12     | Reached XP level 13. HP: 39/104 MP: 17/29
 15682 | D:12     | Killed Fannar
 16370 | D:12     | Found a staircase to the Orcish Mines.
 16575 | Lair:1   | Entered Level 1 of the Lair of Beasts
 16780 | Lair:1   | Identified the +9 hand axe of the Eternal Void {flame,
                  | rElec Int+4}
 17680 | Lair:2   | Reached ***** piety under Vehumet
 17920 | Lair:2   | Noticed a six-headed hydra
 17941 | Lair:2   | Killed a six-headed hydra
 19228 | Lair:3   | Offered knowledge of Ozocubu's Refrigeration by Vehumet.
 19359 | Lair:3   | Reached skill level 13 in Spellcasting
 19580 | Lair:2   | Reached XP level 14. HP: 57/115 MP: 14/31
 20091 | Lair:3   | Noticed Amaemon
 20126 | Lair:3   | Killed Amaemon
 20287 | Lair:3   | Found a staircase to the Snake Pit.
 20340 | Lair:3   | Identified 2 scrolls of acquirement
 20896 | Lair:3   | Found a staircase to the Shoals.
 21255 | Lair:4   | Reached skill level 14 in Spellcasting
 22843 | Lair:5   | Entered Level 5 of the Lair of Beasts
 23018 | Lair:5   | Reached skill level 15 in Spellcasting
 23511 | Lair:5   | Reached XP level 15. HP: 106/120 MP: 18/34
 23736 | Lair:5   | Reached skill level 5 in Shields
 24726 | Lair:5   | Reached skill level 1 in Evocations
 24731 | Lair:5   | Found a staircase to the Slime Pits.
 24731 | Lair:5   | Found a viscous altar of Jiyva.
 25605 | Orc:1    | Entered Level 1 of the Orcish Mines
 25888 | Orc:2    | Entered Level 2 of the Orcish Mines
 25891 | Orc:2    | Found a staircase to the Elven Halls.
 26160 | Orc:2    | Reached skill level 5 in Evocations
 26357 | Orc:2    | Offered knowledge of Lee's Rapid Deconstruction by Vehumet.
 26414 | Orc:2    | Learned a level 5 spell: Lee's Rapid Deconstruction
 26573 | Orc:2    | Reached skill level 1 in Earth Magic
 26790 | Orc:2    | Found Aden's Distillery.
 26793 | Orc:2    | Found Kegierr's Distillery.
 26879 | Orc:2    | Bought a potion of brilliance for 60 gold pieces
 27262 | Orc:2    | Found Utoeb's Armour Emporium.
 27268 | Orc:2    | Bought the scarf of Fallacy {repulsion, +Inv MP+9 Str+4
                  | Int+3} for 864 gold pieces
 28590 | Orc:2    | Paralysed by an orc sorcerer for 4 turns
 29036 | Orc:2    | Paralysed by an orc sorcerer for 3 turns
 29064 | Orc:2    | Offered knowledge of Conjure Ball Lightning by Vehumet.
 29345 | Orc:2    | Found Paumy's Jewellery Boutique.
 29345 | Orc:2    | Found Luawni's Antique Weapon Shop.
 29355 | Orc:2    | Reached skill level 5 in Earth Magic
 29355 | Orc:2    | Found a one-way gate leading to the halls of Pandemonium.
 29630 | D:13     | Reached XP level 16. HP: 127/127 MP: 7/35
 31715 | D:13     | Found a gate to the Vaults.
 32028 | D:14     | Learned a level 3 spell: Stone Arrow
 32983 | D:14     | Noticed Agnes
 33383 | D:14     | Killed Agnes
 33384 | D:14     | Reached skill level 10 in Armour
 33384 | D:14     | Reached skill level 10 in Dodging
 33853 | D:15     | Entered Level 15 of the Dungeon
 34094 | D:15     | Noticed Kirke
 34595 | D:15     | Reached ****** piety under Vehumet
 34802 | D:15     | Reached XP level 17. HP: 133/133 MP: 32/36
 35228 | D:15     | Found a staircase to the Depths.
 36079 | D:15     | Noticed a sphinx
 36080 | D:15     | Killed Kirke
 36312 | Elf:1    | Entered Level 1 of the Elven Halls
 36326 | Elf:1    | Offered knowledge of Plasma Beam by Vehumet.
 36425 | Elf:1    | Found a frozen archway.
 36517 | IceCv    | Entered an ice cave
 36531 | IceCv    | Reached skill level 16 in Spellcasting
 37122 | IceCv    | Learned a level 6 spell: Plasma Beam
 37905 | Elf:1    | Noticed Asterion
 38136 | Snake:1  | Entered Level 1 of the Snake Pit
 38486 | Snake:1  | Noticed Frances
 38543 | Snake:1  | Gained mutation: You passively map a small area around you.
                  | [a neqoxec]
 38548 | Snake:1  | Killed Frances
 38851 | Snake:1  | Reached skill level 5 in Fire Magic
 39077 | Snake:1  | Offered knowledge of Starburst by Vehumet.
 39085 | Snake:1  | Learned a level 6 spell: Starburst
 39919 | Snake:1  | Reached XP level 18. HP: 140/140 MP: 29/38
 41259 | Snake:2  | Found a stormy altar of Qazlal.
 41938 | Snake:2  | Found the +4 Cigotuvi's embrace {Corpsefed rMiasma Drain
                  | rN+}
 42343 | Snake:2  | Reached skill level 17 in Spellcasting
 42457 | Snake:2  | Reached skill level 15 in Conjurations
 43146 | Snake:2  | Offered knowledge of Iron Shot by Vehumet.
 43635 | Snake:3  | Found a runed translucent door.
 43653 | Snake:3  | Noticed Gygal Fez's ghost (adept MiFi)
 43714 | Snake:3  | Learned a level 6 spell: Iron Shot
 44103 | Snake:3  | Found Uled's Magic Scroll Shop.
 44278 | Snake:3  | Bought 3 scrolls of blinking for 315 gold pieces
 44452 | Snake:3  | Reached skill level 18 in Spellcasting
 45428 | Snake:3  | Found Ecag's Weapon Shoppe.
 45428 | Snake:3  | Found Jibroeb's Magic Scroll Shop.
 45447 | Snake:3  | Found Qiophen's Distillery.
 45779 | Snake:4  | Entered Level 4 of the Snake Pit
 46349 | Snake:4  | Reached XP level 19. HP: 63/146 MP: 41/41
 46350 | Snake:4  | Reached skill level 10 in Fire Magic
 47970 | Snake:4  | Offered knowledge of Ignition by Vehumet.
 47980 | Snake:4  | Learned a level 8 spell: Ignition
 48710 | Snake:4  | Got a serpentine rune of Zot
 49002 | Snake:3  | Killed Gygal Fez's ghost
 49204 | Shoals:1 | Entered Level 1 of the Shoals
 49296 | Shoals:1 | Reached skill level 10 in Earth Magic
 49408 | Shoals:1 | Got the Enchiridion on Transmigration and Relocation
 49983 | Shoals:1 | Noticed Josephine
 50047 | Shoals:1 | Killed Josephine
 50651 | Shoals:2 | You fall into a shaft and drop 1 floor!
 51315 | Shoals:2 | Found Pomegetu's Distillery.
 51699 | Shoals:3 | Reached skill level 15 in Fire Magic
 51816 | Shoals:3 | Reached XP level 20. HP: 153/153 MP: 42/42
 51907 | Shoals:3 | Offered knowledge of Shatter by Vehumet.
 51907 | Shoals:3 | Offered knowledge of Chain Lightning by Vehumet.
 51907 | Shoals:3 | Offered knowledge of Maxwell's Capacitive Coupling by
                  | Vehumet.
 52902 | Shoals:4 | Entered Level 4 of the Shoals
 52902 | Shoals:4 | Noticed Aizul
 52911 | Shoals:4 | Killed Aizul
 52954 | Shoals:3 | Noticed Nikola
 53213 | Elf:1    | Killed Asterion
 53549 | Elf:1    | Found Goatrixu's Vocational Training.
 53585 | Elf:1    | You fall into a shaft and drop 1 floor!
 53585 | Elf:2    | Found a runed translucent door.
 54503 | Elf:1    | Reached skill level 19 in Spellcasting
 54715 | Elf:1    | Got Umaesaza's Codex of Support
 55409 | Elf:2    | Found a runed translucent door.
 55529 | Elf:2    | Reached XP level 21. HP: 137/159 MP: 9/44
 56275 | Elf:3    | Entered Level 3 of the Elven Halls
 56473 | Elf:3    | Reached skill level 20 in Spellcasting
 57314 | Abyss:3  | Found a corrupted altar of Lugonu.
 57314 | Abyss:3  | Cast into level 3 of the Abyss (a deep elf sorcerer)
 57346 | Abyss:3  | Found a corrupted altar of Lugonu.
 57530 | Abyss:3  | Found a corrupted altar of Lugonu.
 57532 | Abyss:3  | Noticed a bone dragon
 57538 | Abyss:3  | Killed a bone dragon
 57546 | Abyss:3  | Found a corrupted altar of Lugonu.
 57549 | Abyss:3  | Noticed a bone dragon
 57709 | Abyss:3  | Gained mutation: You are weak. (Str -2) [a cacodemon]
 58021 | Abyss:3  | Got an abyssal rune of Zot
 58037 | Elf:3    | Escaped the Abyss
 58058 | Elf:3    | HP: 8/161 [deep elf master archer/arrow (21)]
 59037 | Elf:3    | Reached XP level 22. HP: 74/169 MP: 14/46
 59327 | Elf:3    | Identified the +6 quarterstaff of the Grinning Sybil
                  | {drain, rPois rF++ Str+4}
 59680 | Elf:3    | Identified the +9 dagger of Iconoclasm {pain, Fly rPois
                  | Int+4}
 59951 | Elf:3    | Found the +10 zealot's sword {holy, Zealotry, *Rage rN+
                  | EV+3}
 59952 | Elf:3    | Found the +3 crown of Dyrovepreva {rElec Int+2 SInv}
 59960 | Elf:3    | Identified the +9 plate armour of the Dwarven Hall {rF+++
                  | rC+ Will-}
 59997 | Elf:3    | Identified the staff of earth "Bafitt" {rF+ Str+3 Int+5
                  | Dex-3}
 60006 | Elf:3    | Identified the +8 spear of Wrongful Imprisonment {heavy,
                  | Str+4}
 60952 | Shoals:3 | Killed Nikola
 61753 | Shoals:4 | Reached skill level 15 in Fighting
 62110 | Shoals:4 | Got a barnacled rune of Zot
 62151 | Shoals:4 | Identified the +0 dagger of Ihefuw {holy, Drain rPois
                  | Dex+6}
 62982 | Depths:1 | Entered Level 1 of the Depths
 63001 | Depths:1 | Found a gateway to Hell.
 64389 | Depths:1 | Reached skill level 10 in Evocations
 64690 | Depths:1 | Reached XP level 23. HP: 110/181 MP: 47/47
 64704 | Depths:1 | Hit by a large rock thrown by a stone giant

Illustrated notes

Levels and vault maps discovered:
D:1:      kb_arrival_jail, layout_rooms
D:2:      layout_loops_ring
D:3:      layout_rooms, lemuel_doored_altar, serial_bayou, serial_bayou_pond_d,
          serial_bayou_shore_b, serial_bayou_pond_a, serial_bayou_pond_c
D:4:      cheibrodos_pilgrimage, layout_gridville, tgw_sif
D:5:      layout_cave_pools, mainiacjoe_overflow_surrounded_room,
          kb_lookout_dungeons_type, uniq_sigmund, uniq_menkaure, uniq_eustachio,
          uniq_edmund
D:6:      layout_basic, old_standard_altar, grunt_gozag_statues,
          minmay_temple_entry_glass, enter_ossuary_5
D:7:      layout_loops_ring, st_stairs_14, nicolae_titane
D:8:      layout_rooms, kennysheep_mini_moat, uniq_joseph
D:9:      layout_loops_corners, tso_oasis_becter, serial_shops,
          nicolae_book_shop_shelving, small_statue_intersection,
          minmay_misc_feat_rows, grunt_decor_clamped, mrwooster_statue_mirror,
          hangedman_decor_diamond_cutter, nicolae_lava_and_water,
          serial_bayou_pond_e, uniq_psyche
D:10:     minmay_firetagon, layout_basic, erik_lair_orcish_takeover
D:11:     layout_basic, serial_shops, nicolae_shop_peninsula, minmay_holes
D:12:     layout_gridville, david_orc_5, st_stairs_14, minivault_25_ag,
          uniq_snorg, uniq_sonja, uniq_fannar
D:13:     layout_cave_pools, grunt_vaults_entry_fortified, serial_park,
          serial_park_square3 [serial_park_minivault_5x5_5],
          serial_park_square2, serial_park_square1
          [serial_park_minivault_5x5_3], serial_park_tiny_pond,
          serial_park_square3 [serial_park_minivault_5x5_3]
D:14:     minmay_spotlight, layout_loops_ring, nicolae_kite_square_tiling_tiny,
          uniq_agnes
D:15:     hangedman_depths_entry_civil_slaughter, layout_basic,
          minmay_misc_feat_more_columns, st_stairs_2, uniq_kirke
Temple:   nicolae_temple_bog_church
Lair:1:   layout_cave_pods, pond, lemuel_fruit_fields
Lair:2:   layout_cave_pods, infiniplex_staircase_pool_2, grunt_megastairs_3
Lair:3:   beargit_carnivore_pack, layout_cave_pods, elwin_shoals_entry_rooms,
          nicolae_snake_entry_warm_welcome, beast_lair_carwin_5, uniq_amaemon
Lair:4:   layout_regular_city, chequers_serial_rivers_small_3,
          chequers_serial_rivers_small_3, st_stairs_6, nicolae_lair_lil_pond,
          wad_woods_02
Lair:5:   minmay_lair_end_enchanted_forest, layout_regular_city,
          minmay_slime_entry_jelly_boxes
Shoals:1: layout_shoals, uniq_josephine
Shoals:2: argonaut_golden_fleece, layout_shoals, serial_shops, shop
Shoals:3: layout_shoals, st_shoals_ruin, uniq_nikola
Shoals:4: shoals_end_grunt_ice, layout_shoals, uniq_aizul
Snake:1:  layout_layer_cave, grunt_megastairs_4, uniq_frances
Snake:2:  layout_honeycomb, basic_altar, hangedman_snake_sidewinding
Snake:3:  layout_basic, gammafunk_ghost_grave, serial_shops, shop,
          nicolae_snake_gridmaze_big_u, nicolae_snake_serpentine_bazaar,
          serial_bayou_shore_b
Snake:4:  snake_pit_salamanders_mu, layout_cave_town
Orc:1:    layout_caves, basic_altar, serial_shops, rock_pile
Orc:2:    pf_orc_diabolical, layout_diamond_mine, serial_shops, shop
Elf:1:    eino_elf_arrival_shootout, layout_loops_ring,
          portal_ice_cave_entry_ice_simulacra, minmay_elf_demonology,
          nicolae_shop_vocational, uniq_asterion
Elf:2:    elven_hall_of_blades_hangedman_original
          [nicolae_blade_entry_splitting_headache], layout_onion_city
Elf:3:    minmay_elf_hall_four_x, layout_loops_ring, grunt_ministairs_2
Depths:1: layout_gridlike, grunt_pan_entry_spiral, hex_tiny, hell_entry,
          kennysheep_kite_vault, serial_bayou_shore_a

Skill      XL: |  1  2  3  4  5  6  7  8  9 10 11 12 13 14 15 16 17 18 19 20 21 22 |
---------------+-------------------------------------------------------------------+-----
Spellcasting   | 3 4 5 6 7 10 12 13 15 16 18 19 20 | 20.0
Conjurations   | 5 6 8 9 10 11 12 14 15 | 15.0
Fighting       | 1 5 8 10 12 13 15 | 15.0
Armour         | 1 3 4 5 6 7 10 11 12 | 12.0
Dodging        | 3 4 5 6 7 10 11 12 | 12.0
Translocations | 2 3 |  3.0
Fire Magic     | 1 2 6 9 15 18 19 | 19.2
Shields        | 3 4 5 |  5.0
Evocations     | 8 10 | 10.3
Earth Magic    | 5 6 10 | 10.0
Stealth        | |  2.0

Action                     |  1- 3 |  4- 6 |  7- 9 | 10-12 | 13-15 | 16-18 | 19-21 | 22-24 || total
---------------------------+-------+-------+-------+-------+-------+-------+-------+-------++-------
  Melee: Unarmed           |    28 |       |       |       |       |       |       |       ||    28
         Dagger            |       |       |   118 |       |       |       |       |       ||   118
         Punch             |       |       |     5 |     1 |       |       |       |       ||     6
         Whip              |       |       |    27 |    85 |   249 |    36 |   124 |    11 ||   532
         Great mace        |       |       |       |    42 |    66 |       |       |       ||   108
  Throw: Dart              |       |       |     7 |       |       |       |       |       ||     7
         Javelin           |       |       |     1 |       |       |       |       |       ||     1
   Cast: Magic Dart        |    66 |    50 |    88 |   116 |    87 |     1 |       |       ||   408
         Searing Ray       |     1 |    13 |    66 |    42 |    69 |    18 |       |       ||   209
         Iskenderun's Myst |       |       |     9 |    53 |   204 |   156 |    64 |    12 ||   498
         Hailstorm         |       |       |     1 |    35 |    46 |    14 |    19 |     2 ||   117
         Scorch            |       |       |       |    11 |   133 |       |       |       ||   144
         Olgreb's Toxic Ra |       |       |       |    15 |    66 |    28 |     3 |     1 ||   113
         Lee's Rapid Decon |       |       |       |       |    32 |   336 |    39 |    17 ||   424
         Stone Arrow       |       |       |       |       |       |   204 |   245 |    22 ||   471
         Starburst         |       |       |       |       |       |    50 |    61 |     1 ||   112
         Plasma Beam       |       |       |       |       |       |     2 |       |       ||     2
         Iron Shot         |       |       |       |       |       |    17 |   196 |   100 ||   313
         Ignition          |       |       |       |       |       |       |    78 |    66 ||   144
  Evoke: Wand              |       |       |     1 |     1 |    14 |    17 |     1 |       ||    34
         Phial of floods   |       |       |       |       |     1 |     2 |     1 |       ||     4
         Lightning rod     |       |       |       |       |       |     2 |     5 |     2 ||     9
         Box of beasts     |       |       |       |       |       |       |     1 |       ||     1
    Use: Scroll            |       |       |    11 |     4 |     9 |    14 |       |     2 ||    40
         Potion            |       |       |     1 |     2 |     2 |       |     4 |       ||     9
   Stab: Sleeping          |       |       |     5 |     1 |       |       |       |       ||     6
 Armour: Robe              |    10 |       |    68 |    40 |     4 |       |       |       ||   122
         Ring mail         |       |       |       |       |   199 |    27 |       |       ||   226
         Leather armour    |       |       |       |       |       |     5 |   122 |    16 ||   143
  Dodge: Dodged            |    27 |     4 |   149 |   138 |   246 |   143 |   187 |    36 ||   930
         Repelled          |       |       |       |       |       |    15 |    15 |     4 ||    34
  Block: Buckler           |       |       |       |    35 |   210 |   105 |   148 |    21 ||   519
         Other             |       |       |       |    10 |    22 |     2 |       |       ||    34
         Reflection        |       |       |       |     1 |    20 |    46 |    37 |     9 ||   113
